 Dungeon Crawl Stone Soup version 0.28-a0-1130-gc51a68064b (webtiles) character file.

Game seed: 15545617913520018393

81 shoop the Vexing (level 4, 30/33 HPs)
             Began as a Formicid Arcane Marksman on Dec 12, 2021.
             Quit the game on level 2 of the Dungeon on Dec 20, 2021.
             The game lasted 00:07:31 (2222 turns).

shoop the Vexing (Formicid Arcane Marksman)         Turns: 2222, Time: 00:07:32

Health: 30/33      AC:  5    Str: 16    XL:     4   Next: 68%
Magic:  4/5        EV: 11    Int: 19    God:
Gold:   41         SH:  0    Dex: 11    Spells: 0/5 levels left

rFire   . . .      SeeInvis +   b - +0 dagger
rCold   . . .      Faith    +   (no shield)
rNeg    . . .      Spirit   .   e - +0 ring mail
rPois   .          Reflect  .   (helmet unavailable)
rElec   .          Harm     .   (no cloak)
rCorr   .          Rampage  .   (no gloves)
Will    .....                   (no boots)
Stlth   +.........              f - amulet of faith
HPRegen 0.11/turn               g - +6 ring of intelligence
MPRegen 0.09/turn               (no ring)

@: no status effects
A: permanent stasis, dig shafts and tunnels, antennae 3, four strong arms
a: Dig, Shaft Self


You were on level 2 of the Dungeon.
You visited 1 branch of the dungeon, and saw 2 of its levels.

You collected 41 gold pieces.

Inventory:

Hand Weapons
 a - a +0 hand crossbow
 b - a +0 dagger (weapon)
 l - a +0 hand axe
Missiles
 c - 20 bolts
 k - 4 silver javelins (quivered)
 m - 9 poisoned darts
Armour
 d - a +0 robe
 e - a +0 ring mail (worn)
Jewellery
 f - an amulet of faith (around neck)
 g - a +6 ring of intelligence (left hand)
Scrolls
 j - 2 scrolls of teleportation {unknown}
Potions
 h - a potion of attraction {unknown}
 i - a potion of berserk rage {unknown}
 n - a potion of invisibility {unknown}


   Skills:
 - Level 2.0 Fighting
 + Level 2.7 Crossbows
 - Level 2.0 Armour
 - Level 2.0 Dodging
 - Level 2.0 Stealth
 - Level 0.1 Unarmed Combat
 - Level 1.1 Spellcasting
 - Level 4.0 Hexes


You couldn't memorise any spells.
You knew the following spells:

 Your Spells              Type           Power      Damage    Failure   Level
a - Slow                  Hex            64%        N/A       7%          1
f - Cause Fear            Hex            8%         N/A       54%         4

Your spell library contained the following spells:

 Spells                   Type           Power      Damage    Failure   Level
 Inner Flame              Hex/Fire       8%         N/A       41%         3
 Portal Projectile        Hex/Tloc       16%        N/A       41%         3


Dungeon Overview and Level Annotations

Branches:
Dungeon (2/15)

Altars:


Innate Abilities, Weirdness & Mutations

You cannot be hasted, slowed, berserked, paralysed or teleported.
You can dig through walls and to a lower floor.
You have a pair of large antennae on your head. (SInv)
Your four strong arms can wield two-handed weapons with a shield.


Message History

You kill the adder!
A bat comes into view.
The bat moves out of view.
You start resting.
A bat is nearby!
Casting: Slow (safe; 7% risk of failure)
Confirm with . or Enter, or press ? or * to list all spells.
Aiming: Slow (safe; 7% risk of failure)
Press: ? - help, Shift-Dir - straight line, f - bat
Aim: a bat (chance to affect: 71%)
The bat struggles to resist.
The bat hits you but does no damage.
You see here an adder corpse.
Casting: Slow (safe; 7% risk of failure)
Confirm with . or Enter, or press ? or * to list all spells.
Aiming: Slow (safe; 7% risk of failure)
Press: ? - help, Shift-Dir - straight line, f/p - bat
Aim: a bat (chance to affect: 71%)
The bat struggles to resist.
The bat closely misses you.
You barely miss the bat. The bat hits you but does no damage.
No target in view!
No target in view!
No target in view!
No target in view!
The bat hits you but does no damage.
There is an open door here.
You see here a +0 club.
You hit the bat.
The bat is moderately wounded.
The bat barely misses you. The bat closely misses you.
You hit the bat but do no damage.
The bat is moderately wounded.
The bat barely misses you. The bat closely misses you.
You hit the bat.
You kill the bat!
You sense a monster nearby.
Welcome back, shoop the Formicid Arcane Marksman.
Press ? for a list of commands and other information.
Are you sure you want to abandon this character and quit the game? (Confirm with "yes".)

....... .... #..... ...
....###......... ..
................. ..
........#... .. .. ...
...#.##... .
####......... .
#.[#†...#..... ...
#.@)....#.....##+##
....####P..............
.......P..#.#..........
..{....................
.r.....##).....#.......
.......+.......#.......
.......#.#.....#.......
#......#...............
#......#........#......


There were no monsters in sight!

Vanquished Creatures
  A gnoll (D:1)
  3 adders (D:2)
  2 dart slugs (D:1)
  An orc (D:2)
  3 endoplasms (D:1)
  3 giant cockroaches
  3 goblins
  A hobgoblin (D:1)
  7 jackals
  3 kobolds
  A quokka (D:2)
  2 ball pythons (D:1)
  6 bats
  2 rats
38 creatures vanquished.

Vanquished Creatures (others)
  2 plants (D:2)
2 creatures vanquished.

Grand Total: 40 creatures vanquished

Notes
Turn   | Place    | Note
-------+----------+-------------------------------------------
     0 | D:1      | shoop the Formicid Arcane Marksman began the quest for the
                  | Orb.
     0 | D:1      | Reached XP level 1. HP: 15/15 MP: 2/2
   137 | D:1      | Reached skill level 1 in Stealth
   459 | D:1      | Reached XP level 2. HP: 21/21 MP: 3/3
   707 | D:1      | Reached skill level 1 in Armour
   768 | D:1      | Reached XP level 3. HP: 22/26 MP: 2/4
  1268 | D:1      | Found a faded altar of an unknown god.
  1732 | D:2      | Reached skill level 4 in Hexes
  1732 | D:2      | Reached XP level 4. HP: 25/33 MP: 3/5
  1809 | D:2      | Learned a level 4 spell: Cause Fear
  2222 | D:2      | Quit the game

Illustrated notes

Levels and vault maps discovered:
D:1:      tarquinn_simple_flora_water_b, layout_rooms,
          shapermc_ecumenical_altar_pompeii, interstate_on_off
D:2:      layout_basic, corexii_shack, supply_closet_lemuel, minmay_tetromino_t2

Skill      XL: |  1  2  3 |
---------------+----------+-----
Stealth        | 1 2 |  2.0
Armour         | 1 2 |  2.0
Fighting       | 2 |  2.0
Dodging        | 2 |  2.0
Hexes          | 4 |  4.0
Crossbows      | |  2.7
Unarmed Combat | |  0.1
Spellcasting   | |  1.1

Action                   |  1- 3 |  4- 6 || total
-------------------------+-------+-------++-------
Melee: Unarmed           |    45 |       ||    45
       Dagger            |   174 |    65 ||   239
 Fire: Hand crossbow     |     8 |       ||     8
 Cast: Slow              |    12 |    14 ||    26
Armor: Ring mail         |    64 |    15 ||    79
       Robe              |     7 |       ||     7
Dodge: Dodged            |   133 |    27 ||   160

Table legend: (Time is in decaauts)
 A = Elapsed time spent in this place.
 B = Non-inter-level travel time spent in this place.
 C = Inter-level travel time spent in this place.
 D = Time resting spent in this place.
 E = Time spent auto-exploring this place.
 F = Levels seen in this place.
 G = Mean time per level.
                   A        B        C        D        E       F      G
               +--------+--------+--------+--------+--------+-----+--------+
         Total |   2222 |   2208 |     14 |    509 |   1118 |   2 | 1111.0 |
       Dungeon |   2222 |   2208 |     14 |    509 |   1118 |   2 | 1111.0 |
               +--------+--------+--------+--------+--------+-----+--------+

Top non-repeatable levels by time:
     D:1: 1580 daAuts
     D:2: 641 daAuts
